 Dungeon Crawl Stone Soup version 0.29.0-4-gdea44cf6ec (webtiles) character file.

Game seed: 9307797952620985645

29097 qw the Severer (level 13, -9/169 HPs)
             Began as a Minotaur Berserker on Sept 9, 2022.
             Was an Elder of Trog.
             Killed from afar by an oklob plant (19 damage)
             ... with a splash of acid
             ... on level 4 of the Lair of Beasts.
             The game lasted 00:05:45 (19867 turns).

qw the Severer (Minotaur Berserker)                Turns: 19867, Time: 00:05:46

Health: -9/169     AC:  0    Str: 25    XL:     13   Next: 13%
Magic:  12/12      EV:  7    Int:  4    God:    Trog [****..]
Gold:   1067       SH: 24    Dex: 14    Spells: 12/12 levels left

rFire   + . .      SeeInvis .   Y - +3 broad axe (vorpal)
rCold   . . .      Faith    .   o - +0 tower shield
rNeg    + . .      Spirit   .   h - +1 plate armour {rF+}
rPois   +          Reflect  +   (helmet restricted)
rElec   .          Harm     .   r - +1 cloak {rPois}
rCorr   .          Rampage  .   f - +2 pair of gloves
Will    .....                   (no boots)
Stlth   ..........              g - amulet of reflection
HPRegen 0.38/turn               d - +4 ring of slaying {mikee}
MPRegen 0.13/turn               t - ring of positive energy

@: berserking (expiring), corroded, very quick
A: horns 2, retaliatory headbutt, thin skeletal structure 1
a: Renounce Religion, Berserk, Trog's Hand, Brothers in Arms


You were on level 4 of the Lair of Beasts.
You worshipped Trog.
Trog was greatly pleased with you.
You visited 2 branches of the dungeon, and saw 15 of its levels.

You collected 1067 gold pieces.


Innate Abilities, Weirdness & Mutations

You have a pair of horns on your head.
You reflexively headbutt those who attack you in melee.
You have a somewhat thin skeletal structure. (Dex +2, Stealth+)


   Skills:
 - Level 10.1 Fighting
 + Level 17.1 Axes
 - Level 4.2 Throwing
 - Level 9.0 Armour
 - Level 4.2 Dodging
 - Level 15.0 Shields


You had 12 spell levels left.
You didn't know any spells.
Your spell library was empty.

Inventory:

Hand Weapons
 q - a +0 morningstar
 Y - a +3 vorpal broad axe (weapon)
Missiles
 b - 7 boomerangs
 u - 5 javelins (quivered)
Armour
 f - a +2 pair of gloves (worn)
 h - a +1 plate armour of fire resistance (worn)
 o - a +0 tower shield (worn)
 r - a +1 cloak of poison resistance (worn)
Jewellery
 d - a +4 ring of slaying (left hand) {mikee}
 g - an amulet of reflection (around neck)
 m - a ring of fire
 t - a ring of positive energy (right hand)
Wands
 s - a wand of digging (4)
Scrolls
 e - 8 scrolls of teleportation
 j - 4 scrolls of identify
Potions
 a - 3 potions of cancellation
 c - 3 potions of heal wounds
 i - 5 potions of might
 k - 2 potions of haste
 l - 4 potions of curing
 n - a potion of resistance
 p - a potion of mutation

Dungeon Overview and Level Annotations

Branches:
Dungeon (11/15)            Temple (0/1) D:7            Lair (4/5) D:11
 Shoals (0/4) Lair:3        Snake (0/4) Lair:3        Slime (0/5) Lair:4
    Orc (0/2) D:10

Altars:
Gozag
Kikubaaqudgha
Makhleb
Okawaru
Ru
Vehumet
Xom
Jiyva

Shops:
D:3 (   D:9 *


Message History

The oklob plant spits acid at you. The splash of acid hits you!
19859 ||| INVOKING Berserk.
A red film seems to cover your vision as you go berserk!
You feel yourself moving faster!
You feel mighty! The oklob plant spits acid at you.
The splash of acid hits you. The oklob plant spits acid at you.
The splash of acid reflects off an invisible shield around you!
The splash of acid hits the oklob plant.
The oklob plant completely resists.
You feel a strong urge to attack something.
You slash the oklob plant!
The oklob plant is moderately damaged.
The oklob plant spits acid at you. The splash of acid hits you!
You hit the oklob plant.
The oklob plant is heavily damaged.
The oklob plant spits acid at you. The splash of acid hits you!!
The acid corrodes you! The oklob plant spits acid at you.
The splash of acid hits you!
You slash the oklob plant! You headbutt the oklob plant!
The oklob plant is almost destroyed.
You hit the oklob plant.
You destroy the oklob plant!
Trog accepts your kill. The oklob plant spits acid at you.
The splash of acid hits you!
Your Throwing skill increases to level 4!
The oklob plant spits acid at you. The splash of acid hits you!!
The acid corrodes you! The oklob plant spits acid at you.
The splash of acid hits you! The acid corrodes you!
You hit the oklob plant but do no damage.
You hit the oklob plant. You headbutt the oklob plant!
The oklob plant is moderately damaged.
The oklob plant spits acid at you. The splash of acid hits you!!
You die...

####### ## # # ## #
###.### # #P....# #
#.?>.# ### ##.PP.#
#######.. #.@_.#
####........ #....#
#...........
##....###...P##..#..
#.....##...########.
#...####....# ##
#...###....##
#..##.....##
#..#.....##
#........#


You could see 3 oklob plants.

Vanquished Creatures
  Harold (D:11)
  A hydra (Lair:3)
  An ogre mage (D:10)
  A catoblepas (Lair:2)
  4 two-headed ogres
  Pikel (D:7)
  An ugly thing (D:7)
  An oklob plant (Lair:4)
  2 black mambas
  A merfolk siren (Lair:3)
  2 gargoyles (D:10)
  10 cane toads
  Maggie (D:7)
  6 komodo dragons
  A rime drake (Lair:4)
  2 unseen horrors
  3 kobold demonologists (D:10)
  2 polar bears (Lair:3)
  A troll (D:10)
  A merfolk (Lair:3)
  9 blink frogs
  A hornet (D:9)
  Prince Ribbit (D:8)
  A shadow (D:6)
  A spriggan (shapeshifter) (D:10)
  12 yaks
  3 basilisks (Lair:4)
  2 wraiths
  3 wyverns
  Menkaure (D:4)
  3 steam dragons
  Grum (D:9)
  A naga (Lair:3)
  Edmund (D:4)
  11 wargs (D:10)
  An acid dragon (D:10)
  Duvessa (D:7)
  6 water moccasins
  9 orc warriors
  3 ice beasts
  2 black bears
  An ogre (D:5)
  8 wolves
  A lemure (D:7)
  2 phantoms
  4 kobold brigands
  10 bullfrogs
  9 gnoll sergeants
  2 necrophages
  3 scorpions
  3 wights (D:10)
  Dowan (D:7)
  12 killer bees
  7 howler monkeys
  An electric eel (Lair:3)
  A hound (D:6)
  A lava snake (Lair:2)
  7 jellies
  4 orc priests (D:10)
  6 gnoll boudas
  Terence (D:2)
  4 iguanas
  20 orc wizards
  Natasha (thrice) (D:4)
  Robin (D:2)
  4 gnolls (D:7)
  9 adders
  A shadow imp (D:5)
  2 white imps (D:7)
  An ufetubus (D:5)
  2 worms
  A dart slug (D:2)
  32 orcs
  7 endoplasms
  2 giant cockroaches
  11 goblins
  7 hobgoblins
  3 quokkas
  5 ball pythons
  4 bats
  3 frilled lizards
  15 kobolds
  8 rats
  2 butterflies (D:4)
347 creatures vanquished.

Vanquished Creatures (others)
  A kobold brigand (D:10)
  9 fungi
  14 plants
24 creatures vanquished.

Grand Total: 371 creatures vanquished

Notes
Turn   | Place    | Note
-------+----------+-------------------------------------------
     0 | D:1      | qw the Minotaur Berserker began the quest for the Orb.
     0 | D:1      | Reached XP level 1. HP: 19/19 MP: 0/0
     0 | D:1      | 0 ||| qw: Version: 0.1-a-112-g44dc6cd
     0 | D:1      | 0 ||| qw: Game counter: 6879
     0 | D:1      | 0 ||| qw: Always use a shield: true
     0 | D:1      | 0 ||| qw: Do Orc after D:15 true
     0 | D:1      | 0 ||| qw: Do second Lair branch before Depths: true
     0 | D:1      | 0 ||| qw: Lair rune preference: random
     0 | D:1      | 0 ||| qw: Plans: Normal
     0 | D:1      | 0 ||| PLANNING D:1-11
   213 | D:1      | 213 ||| Stepping ~*~*~tactically~*~*~ (stealth).
   268 | D:1      | Reached skill level 4 in Axes
   273 | D:1      | 273 ||| Stepping ~*~*~tactically~*~*~ (stealth).
   282 | D:1      | 282 ||| Stepping ~*~*~tactically~*~*~ (stealth).
   284 | D:1      | 284 ||| Stepping ~*~*~tactically~*~*~ (stealth).
   307 | D:1      | 307 ||| Stepping ~*~*~tactically~*~*~ (stealth).
   308 | D:1      | 308 ||| Stepping ~*~*~tactically~*~*~ (stealth).
   309 | D:1      | 309 ||| Stepping ~*~*~tactically~*~*~ (stealth).
   312 | D:1      | 312 ||| Stepping ~*~*~tactically~*~*~ (stealth).
   313 | D:1      | 313 ||| Stepping ~*~*~tactically~*~*~ (stealth).
   319 | D:1      | 319 ||| INVOKING Berserk.
   320 | D:1      | 320 ||| INVOKING Berserk.
   325 | D:1      | Reached XP level 2. HP: 15/26 MP: 1/1
   361 | D:1      | 361 ||| Stepping ~*~*~tactically~*~*~ (stealth).
   471 | D:1      | 471 ||| Stepping ~*~*~tactically~*~*~ (stealth).
   799 | D:1      | Found a faded altar of an unknown god.
  1091 | D:1      | 1091 ||| UPGRADING to +1 pair of gloves.
  1096 | D:1      | 1096 ||| UPGRADING to +0 ring mail.
  1106 | D:1      | 1106 ||| DROPPING +0 animal skin.
  1107 | D:1      | 1107 ||| READING scroll labelled PUSALE MESEZU.
  1108 | D:1      | 1108 ||| READING scroll labelled ZOFYRO BYJOME.
  1109 | D:1      | 1109 ||| READING 4 scrolls labelled FIUMMEG KIRO.
  1113 | D:1      | 1113 ||| READING scroll labelled QERIANWAKOM.
  1114 | D:1      | 1114 ||| READING scroll labelled PUOFUY MOAKK.
  1173 | D:2      | Noticed Robin
  1174 | D:2      | 1174 ||| Stepping ~*~*~tactically~*~*~ (hiding).
  1187 | D:2      | 1187 ||| INVOKING Berserk.
  1190 | D:2      | Killed Robin
  1191 | D:2      | Reached skill level 5 in Axes
  1191 | D:2      | Reached XP level 3. HP: 31/31 MP: 2/2
  1208 | D:2      | Reached ** piety under Trog
  1628 | D:2      | Noticed Terence
  1633 | D:2      | 1633 ||| INVOKING Berserk.
  1635 | D:2      | Killed Terence
  1636 | D:2      | Reached skill level 6 in Axes
  1636 | D:2      | Reached XP level 4. HP: 39/39 MP: 3/3
  1761 | D:2      | 1761 ||| DROPPING +0 club.
  1876 | D:2      | 1876 ||| Stepping ~*~*~tactically~*~*~ (stealth).
  1877 | D:2      | 1877 ||| Stepping ~*~*~tactically~*~*~ (stealth).
  1878 | D:2      | 1878 ||| Stepping ~*~*~tactically~*~*~ (stealth).
  1907 | D:2      | 1907 ||| Stepping ~*~*~tactically~*~*~ (stealth).
  1908 | D:2      | 1908 ||| Stepping ~*~*~tactically~*~*~ (stealth).
  2199 | D:2      | Reached XP level 5. HP: 45/45 MP: 4/4
  2206 | D:2      | Reached skill level 7 in Axes
  2677 | D:2      | 2677 ||| DROPPING +3 leather armour.
  2678 | D:2      | 2678 ||| UPGRADING to +0 scale mail.
  2688 | D:2      | 2688 ||| DROPPING +0 ring mail.
  2689 | D:2      | 2689 ||| UPGRADING to +0 scale mail of fire resistance.
  2699 | D:2      | 2699 ||| DROPPING +0 scale mail.
  2700 | D:2      | 2700 ||| READING scroll labelled QYOMIMIEGA.
  2701 | D:2      | 2701 ||| DRINKING 2 brown potions.
  2788 | D:3      | Found Omaon's Antique Weapon Shop.
  2807 | D:3      | 2807 ||| Stepping ~*~*~tactically~*~*~ (stealth).
  2824 | D:3      | 2824 ||| READING scroll of enchant weapon.
  2824 | D:3      | 2824 ||| ENCHANTING +1 hand axe.
  3369 | D:3      | 3369 ||| UPGRADING to +0 buckler.
  3374 | D:3      | 3374 ||| DROPPING amulet of faith.
  3375 | D:3      | 3375 ||| UPGRADING to amulet of reflection.
  3380 | D:3      | 3380 ||| READING 2 scrolls of identify.
  3380 | D:3      | 3380 ||| IDENTIFYING amethyst potion
  3381 | D:3      | 3381 ||| DROPPING potion of brilliance.
  3404 | D:4      | Noticed Natasha
  3407 | D:4      | 3407 ||| INVOKING Berserk.
  3409 | D:4      | Killed Natasha
  3410 | D:4      | Reached skill level 1 in Shields
  3516 | D:4      | Noticed Menkaure
  3517 | D:4      | 3517 ||| Stepping ~*~*~tactically~*~*~ (hiding).
  3518 | D:4      | 3518 ||| Stepping ~*~*~tactically~*~*~ (hiding).
  3522 | D:4      | 3522 ||| INVOKING Berserk.
  3525 | D:4      | Killed Menkaure
  3526 | D:4      | Reached XP level 6. HP: 52/52 MP: 5/5
  3653 | D:4      | 3653 ||| INVOKING Berserk.
  3793 | D:4      | 3793 ||| INVOKING Berserk.
  3941 | D:4      | Noticed Edmund
  3943 | D:4      | 3943 ||| INVOKING Berserk.
  3948 | D:4      | Killed Edmund
  3949 | D:4      | Reached skill level 8 in Axes
  4055 | D:4      | 4055 ||| DROPPING +0 flail.
  4083 | D:4      | Noticed Natasha
  4087 | D:4      | 4087 ||| INVOKING Berserk.
  4091 | D:4      | Killed Natasha
  4092 | D:4      | Reached XP level 7. HP: 59/59 MP: 6/6
  4278 | D:4      | Noticed Natasha
  4282 | D:4      | 4282 ||| INVOKING Berserk.
  4283 | D:4      | Killed Natasha
  4284 | D:4      | Reached skill level 9 in Axes
  4411 | D:4      | Found an iron altar of Okawaru.
  4464 | D:4      | Found a shimmering altar of Xom.
  4488 | D:4      | 4488 ||| INVOKING Berserk.
  4758 | D:4      | 4758 ||| READING scroll labelled GUKKUT COONTYKK.
  4772 | D:5      | Entered Level 5 of the Dungeon
  5018 | D:5      | 5018 ||| INVOKING Berserk.
  5050 | D:5      | Reached *** piety under Trog
  5210 | D:5      | 5210 ||| SWAPPING to +0 war axe.
  5211 | D:5      | 5211 ||| DROPPING +2 hand axe of protection.
  5256 | D:5      | 5256 ||| Stepping ~*~*~tactically~*~*~ (stealth).
  5257 | D:5      | 5257 ||| Stepping ~*~*~tactically~*~*~ (stealth).
  5269 | D:5      | 5269 ||| Stepping ~*~*~tactically~*~*~ (stealth).
  5275 | D:5      | 5275 ||| INVOKING Berserk.
  5279 | D:5      | Reached skill level 10 in Axes
  5279 | D:5      | Reached XP level 8. HP: 68/68 MP: 7/7
  5515 | D:5      | 5515 ||| Stepping ~*~*~tactically~*~*~ (stealth).
  5516 | D:5      | 5516 ||| Stepping ~*~*~tactically~*~*~ (stealth).
  5571 | D:5      | 5571 ||| INVOKING Berserk.
  5940 | D:5      | 5940 ||| DRINKING 2 purple potions.
  5941 | D:5      | 5941 ||| DRINKING 2 bubbling pink potions.
  5942 | D:5      | 5942 ||| DRINKING 2 inky potions.
  5943 | D:5      | 5943 ||| READING 3 scrolls of identify.
  5943 | D:5      | 5943 ||| IDENTIFYING murky purple potion
  5944 | D:5      | 5944 ||| DROPPING potion of lignification.
  5971 | D:6      | Found a radiant altar of Vehumet.
  5997 | D:6      | 5997 ||| INVOKING Berserk.
  6003 | D:6      | Reached skill level 6 in Fighting
  6012 | D:6      | Reached skill level 11 in Axes
  6528 | D:6      | Found a sacrificial altar of Ru.
  6805 | D:6      | 6805 ||| Stepping ~*~*~tactically~*~*~ (hiding).
  6808 | D:6      | 6808 ||| INVOKING Berserk.
  7113 | D:6      | Reached skill level 12 in Axes
  7314 | D:6      | 7314 ||| READING scroll labelled TAR KEKEIGG.
  7315 | D:6      | 7315 ||| READING 4 scrolls of identify.
  7315 | D:6      | 7315 ||| IDENTIFYING green potion
  7316 | D:6      | 7316 ||| DROPPING potion of degeneration.
  7448 | D:7      | 7448 ||| Stepping ~*~*~tactically~*~*~ (stealth).
  7459 | D:7      | Reached XP level 9. HP: 75/78 MP: 8/8
  7595 | D:7      | Found a staircase to the Ecumenical Temple.
  7595 | D:7      | Noticed Dowan
  7596 | D:7      | Noticed Duvessa
  7598 | D:7      | 7598 ||| INVOKING Berserk.
  7600 | D:7      | Killed Dowan
  7605 | D:7      | Killed Duvessa
  7712 | D:7      | 7712 ||| READING scroll of enchant armour.
  7712 | D:7      | 7712 ||| ENCHANTING +1 pair of gloves.
  7818 | D:7      | 7818 ||| INVOKING Berserk.
  7958 | D:7      | Reached skill level 3 in Dodging
  8173 | D:7      | Noticed Maggie
  8184 | D:7      | Killed Maggie
  8235 | D:7      | 8235 ||| SWAPPING to +0 broad axe of flaming.
  8236 | D:7      | 8236 ||| DROPPING +2 flail of venom.
  8237 | D:7      | 8237 ||| DROPPING +0 war axe.
  8386 | D:7      | 8386 ||| INVOKING Berserk.
  8393 | D:7      | Reached skill level 13 in Axes
  8591 | D:7      | 8591 ||| INVOKING Berserk.
  8712 | D:7      | Noticed Pikel
  8716 | D:7      | 8716 ||| INVOKING Berserk.
  8718 | D:7      | Killed Pikel
  8814 | D:7      | 8814 ||| Stepping ~*~*~tactically~*~*~ (stealth).
  8815 | D:7      | 8815 ||| Stepping ~*~*~tactically~*~*~ (stealth).
  8862 | D:7      | Noticed a white ugly thing
  8863 | D:7      | 8863 ||| UPGRADING to +3 scale mail.
  8873 | D:7      | 8873 ||| UPGRADING to +0 swamp dragon scales.
  8878 | D:7      | 8878 ||| UPGRADING to +3 scale mail.
  8883 | D:7      | 8883 ||| UPGRADING to +0 swamp dragon scales.
  8893 | D:7      | 8893 ||| READING scroll labelled LUMECH ZIKO.
  8894 | D:7      | 8894 ||| DRINKING 2 fuming yellow potions.
  8903 | D:7      | 8903 ||| READING 3 scrolls of identify.
  8903 | D:7      | 8903 ||| IDENTIFYING murky golden potion
  8904 | D:7      | 8904 ||| READING 2 scrolls of identify.
  8904 | D:7      | 8904 ||| IDENTIFYING red potion
  8905 | D:7      | 8905 ||| DROPPING potion of attraction.
  8906 | D:7      | 8906 ||| DROPPING potion of ambrosia.
  8907 | D:7      | 8907 ||| DROPPING potion of flight.
  8908 | D:7      | 8908 ||| READING 7 scrolls of teleportation.
  9019 | D:7      | 9019 ||| READING scroll labelled NIHIC KOPIWN.
  9022 | D:7      | 9022 ||| READING 6 scrolls of teleportation.
  9082 | D:7      | 9082 ||| Stepping ~*~*~tactically~*~*~ (stealth).
  9086 | D:7      | 9086 ||| INVOKING Berserk.
  9088 | D:7      | Killed a white ugly thing
  9273 | D:8      | 9273 ||| STAIRDANCE
  9278 | D:7      | Reached XP level 10. HP: 84/90 MP: 9/9
  9304 | D:8      | 9304 ||| STAIRDANCE
  9307 | D:7      | Reached skill level 14 in Axes
  9442 | D:8      | 9442 ||| STAIRDANCE
  9583 | D:8      | 9583 ||| READING scroll of brand weapon.
  9583 | D:8      | 9583 ||| BRANDING +0 broad axe of flaming.
  9621 | D:8      | 9621 ||| INVOKING Berserk.
  9775 | D:8      | Reached skill level 15 in Axes
  9779 | D:8      | Reached skill level 9 in Fighting
  9875 | D:8      | Noticed Prince Ribbit
  9896 | D:8      | Killed Prince Ribbit
  9944 | D:8      | Found Zeemenef's Neck Hole.
  9986 | D:8      | Found an ancient bone altar of Kikubaaqudgha.
 10407 | D:8      | 10407 ||| DROPPING +3 scale mail.
 10408 | D:8      | 10408 ||| UPGRADING to +0 plate armour of fire resistance.
 10418 | D:8      | 10418 ||| DROPPING +0 scale mail of fire resistance.
 10419 | D:8      | 10419 ||| DROPPING +0 swamp dragon scales.
 10534 | D:9      | 10534 ||| INVOKING Berserk.
 10682 | D:9      | 10682 ||| Stepping ~*~*~tactically~*~*~ (stealth).
 10684 | D:9      | 10684 ||| Stepping ~*~*~tactically~*~*~ (hiding).
 10890 | D:9      | 10890 ||| READING scroll of enchant weapon.
 10890 | D:9      | 10890 ||| ENCHANTING +0 vorpal broad axe.
 10930 | D:9      | Reached skill level 6 in Armour
 10990 | D:9      | 10990 ||| DROPPING +0 flail.
 11011 | D:9      | Noticed Grum
 11013 | D:9      | 11013 ||| INVOKING Berserk.
 11028 | D:9      | Killed Grum
 11245 | D:9      | Noticed a two-headed ogre
 11247 | D:9      | 11247 ||| INVOKING Berserk.
 11249 | D:9      | Killed a two-headed ogre
 11437 | D:9      | Reached skill level 16 in Axes
 11437 | D:9      | Reached XP level 11. HP: 85/97 MP: 10/10
 11516 | D:9      | Found an opulent altar of Gozag.
 11517 | D:9      | Found Gozag's Platinum Reserve.
 11539 | D:9      | 11539 ||| SHOPLISTING ring of Yendor {Fire rN+ Dex+6} (4880
                  | gold, have 572).
 11539 | D:9      | 11539 ||| SHOPLISTING ring of the Protecting Gods {*Slow
                  | rC+ Dex+7} (4110 gold, have 572).
 11560 | D:9      | 11560 ||| UPGRADING to +0 tower shield.
 11570 | D:9      | 11570 ||| DROPPING +0 buckler.
 11571 | D:9      | 11571 ||| READING 3 scrolls of identify.
 11571 | D:9      | 11571 ||| IDENTIFYING fizzy orange potion
 11572 | D:9      | 11572 ||| READING 2 scrolls of identify.
 11572 | D:9      | 11572 ||| IDENTIFYING glowing grey potion
 11606 | D:10     | Entered Level 10 of the Dungeon
 11634 | D:10     | 11634 ||| Stepping ~*~*~tactically~*~*~ (hiding).
 11638 | D:10     | 11638 ||| INVOKING Berserk.
 11642 | D:10     | Reached skill level 6 in Shields
 11782 | D:10     | 11782 ||| Stepping ~*~*~tactically~*~*~ (hiding).
 11896 | D:10     | 11896 ||| Stepping ~*~*~tactically~*~*~ (hiding).
 11899 | D:10     | 11899 ||| Stepping ~*~*~tactically~*~*~ (hiding).
 11940 | D:10     | Reached **** piety under Trog
 11956 | D:10     | 11956 ||| Stepping ~*~*~tactically~*~*~ (stealth).
 12091 | D:10     | 12091 ||| INVOKING Berserk.
 12501 | D:10     | 12501 ||| INVOKING Berserk.
 12662 | D:10     | 12662 ||| INVOKING Berserk.
 12677 | D:10     | Reached skill level 9 in Shields
 12713 | D:10     | 12713 ||| INVOKING Berserk.
 12736 | D:10     | 12736 ||| Stepping ~*~*~tactically~*~*~ (stealth).
 12737 | D:10     | 12737 ||| Stepping ~*~*~tactically~*~*~ (stealth).
 12751 | D:10     | HP: 22/97 [orc warrior/+0 hand axe (6)]
 12752 | D:10     | 12752 ||| READING 7 scrolls of teleportation.
 12753 | D:10     | 12753 ||| DRINKING 3 potions of heal wounds.
 12803 | D:10     | 12803 ||| FLEEEEING.
 12804 | D:10     | 12804 ||| FLEEEEING.
 12805 | D:10     | 12805 ||| FLEEEEING.
 12806 | D:10     | 12806 ||| FLEEEEING.
 12807 | D:10     | 12807 ||| FLEEEEING.
 12837 | D:10     | 12837 ||| INVOKING Berserk.
 13006 | D:10     | Reached skill level 1 in Throwing
 13184 | D:10     | Found a staircase to the Orcish Mines.
 13193 | D:10     | 13193 ||| Stepping ~*~*~tactically~*~*~ (hiding).
 13196 | D:10     | 13196 ||| Stepping ~*~*~tactically~*~*~ (hiding).
 13249 | D:10     | 13249 ||| Stepping ~*~*~tactically~*~*~ (stealth).
 13251 | D:10     | 13251 ||| Stepping ~*~*~tactically~*~*~ (hiding).
 13253 | D:10     | 13253 ||| Stepping ~*~*~tactically~*~*~ (hiding).
 13271 | D:10     | 13271 ||| INVOKING Berserk.
 13339 | D:10     | 13339 ||| Stepping ~*~*~tactically~*~*~ (hiding).
 13340 | D:10     | 13340 ||| Stepping ~*~*~tactically~*~*~ (hiding).
 13342 | D:10     | 13342 ||| INVOKING Berserk.
 13379 | D:10     | 13379 ||| FLEEEEING.
 13380 | D:10     | 13380 ||| FLEEEEING.
 13381 | D:10     | 13381 ||| FLEEEEING.
 13382 | D:10     | 13382 ||| FLEEEEING.
 13398 | D:10     | 13398 ||| Stepping ~*~*~tactically~*~*~ (stealth).
 13400 | D:10     | 13400 ||| Stepping ~*~*~tactically~*~*~ (hiding).
 13401 | D:10     | 13401 ||| Stepping ~*~*~tactically~*~*~ (hiding).
 13525 | D:10     | Noticed an ogre mage
 13526 | D:10     | 13526 ||| INVOKING Trog's Hand.
 13529 | D:10     | 13529 ||| INVOKING Berserk.
 13533 | D:10     | Killed an ogre mage
 13543 | D:10     | Noticed a two-headed ogre
 13551 | D:10     | Killed a two-headed ogre
 13595 | D:10     | 13595 ||| INVOKING Berserk.
 13968 | D:10     | Reached skill level 12 in Shields
 13971 | D:10     | 13971 ||| INVOKING Berserk.
 14126 | D:10     | Noticed a two-headed ogre
 14129 | D:10     | 14129 ||| INVOKING Berserk.
 14132 | D:10     | Killed a two-headed ogre
 14143 | D:10     | Noticed a two-headed ogre
 14147 | D:10     | Killed a two-headed ogre
 14148 | D:10     | Reached XP level 12. HP: 103/104 MP: 11/11
 14388 | D:10     | 14388 ||| READING scroll labelled EKHLUN CINIPACH.
 14389 | D:10     | 14389 ||| READING scroll labelled DAMULA FOXKUNO.
 14389 | D:10     | Identified a scroll of acquirement
 14389 | D:10     | 14389 ||| ACQUIRING +1 cloak of poison resistance
 14389 | D:10     | Acquired a +1 cloak of poison resistance
 14391 | D:10     | 14391 ||| UPGRADING to +1 cloak of poison resistance.
 14396 | D:10     | 14396 ||| DRINKING 2 lumpy amethyst potions.
 14397 | D:10     | 14397 ||| DRINKING 2 bubbling puce potions.
 14397 | D:10     | Gained mutation: You have a somewhat thin skeletal
                  | structure. (Dex +2, Stealth+) [potion of mutation]
 14398 | D:10     | 14398 ||| DROPPING potion of invisibility.
 14535 | D:11     | 14535 ||| FLEEEEING.
 14536 | D:11     | 14536 ||| FLEEEEING.
 14537 | D:11     | 14537 ||| FLEEEEING.
 14538 | D:11     | 14538 ||| FLEEEEING.
 14539 | D:11     | 14539 ||| FLEEEEING.
 14546 | D:11     | 14546 ||| FLEEEEING.
 14547 | D:11     | 14547 ||| FLEEEEING.
 14548 | D:11     | 14548 ||| FLEEEEING.
 14549 | D:11     | 14549 ||| FLEEEEING.
 14587 | D:11     | 14587 ||| Stepping ~*~*~tactically~*~*~ (hiding).
 14589 | D:11     | 14589 ||| Stepping ~*~*~tactically~*~*~ (hiding).
 14702 | D:11     | Noticed Harold
 14705 | D:11     | 14705 ||| INVOKING Berserk.
 14710 | D:11     | Killed Harold
 14728 | D:11     | 14728 ||| Stepping ~*~*~tactically~*~*~ (hiding).
 14986 | D:11     | Found a burning altar of Makhleb.
 15266 | D:11     | Found a staircase to the Lair.
 15272 | D:11     | 15272 ||| PLANNING LAIR
 15273 | Lair:1   | Entered Level 1 of the Lair of Beasts
 15389 | Lair:1   | 15389 ||| Stepping ~*~*~tactically~*~*~ (stealth).
 15665 | Lair:1   | 15665 ||| INVOKING Berserk.
 15912 | Lair:1   | 15912 ||| READING scroll of enchant armour.
 15912 | Lair:1   | 15912 ||| ENCHANTING +0 plate armour of fire resistance.
 16199 | Lair:1   | 16199 ||| INVOKING Berserk.
 16477 | Lair:1   | 16477 ||| DROPPING amulet of magic regeneration.
 16478 | Lair:1   | 16478 ||| UPGRADING to +4 ring of slaying {mikee}.
 16479 | Lair:1   | 16479 ||| UPGRADING to ring of positive energy.
 16898 | Lair:2   | Noticed a catoblepas
 16899 | Lair:2   | 16899 ||| FLEEEEING.
 16902 | Lair:2   | 16902 ||| FLEEEEING.
 16903 | Lair:2   | 16903 ||| FLEEEEING.
 16908 | Lair:2   | 16908 ||| FLEEEEING.
 16913 | Lair:2   | 16913 ||| STAIRDANCE
 16918 | Lair:2   | 16918 ||| Stepping ~*~*~tactically~*~*~ (cloud).
 16919 | Lair:2   | 16919 ||| INVOKING Berserk.
 16923 | Lair:2   | Killed a catoblepas
 17144 | Lair:2   | 17144 ||| READING scroll of enchant weapon.
 17144 | Lair:2   | 17144 ||| ENCHANTING +1 vorpal broad axe.
 17386 | Lair:2   | 17386 ||| READING scroll labelled IRHASO RATZ.
 17414 | Lair:3   | 17414 ||| STAIRDANCE
 17525 | Lair:3   | 17525 ||| Stepping ~*~*~tactically~*~*~ (hiding).
 17527 | Lair:3   | 17527 ||| Stepping ~*~*~tactically~*~*~ (hiding).
 17529 | Lair:3   | Found a staircase to the Snake Pit.
 17581 | Lair:3   | 17581 ||| INVOKING Berserk.
 17873 | Lair:3   | Noticed a seven-headed hydra
 17874 | Lair:3   | 17874 ||| INVOKING Brothers in Arms.
 17876 | Lair:3   | 17876 ||| SWAPPING to +0 morningstar.
 17877 | Lair:3   | 17877 ||| INVOKING Berserk.
 17881 | Lair:3   | Killed a seven-headed hydra
 17882 | Lair:3   | Reached skill level 17 in Axes
 17890 | Lair:3   | 17890 ||| SWAPPING to +2 vorpal broad axe.
 18029 | Lair:3   | Found a staircase to the Shoals.
 18299 | Lair:3   | 18299 ||| INVOKING Berserk.
 18485 | Lair:3   | 18485 ||| READING scroll of enchant weapon.
 18485 | Lair:3   | 18485 ||| ENCHANTING +2 vorpal broad axe.
 18605 | Lair:3   | 18605 ||| READING scroll labelled LEUMNU TUKIUW.
 18606 | Lair:3   | 18606 ||| READING 4 scrolls of identify.
 18606 | Lair:3   | 18606 ||| IDENTIFYING fizzy clear potion
 18607 | Lair:3   | 18607 ||| DROPPING potion of berserk rage.
 18738 | Lair:4   | 18738 ||| INVOKING Berserk.
 18905 | Lair:4   | 18905 ||| INVOKING Berserk.
 18909 | Lair:4   | Reached skill level 9 in Armour
 18931 | Lair:4   | Reached skill level 15 in Shields
 18932 | Lair:4   | Reached XP level 13. HP: 113/113 MP: 12/12
 19072 | Lair:4   | 19072 ||| INVOKING Berserk.
 19215 | Lair:4   | 19215 ||| Stepping ~*~*~tactically~*~*~ (stealth).
 19313 | Lair:4   | 19313 ||| INVOKING Berserk.
 19320 | Lair:4   | Reached skill level 3 in Throwing
 19487 | Lair:4   | Found a viscous altar of Jiyva.
 19489 | Lair:4   | 19489 ||| INVOKING Berserk.
 19599 | Lair:4   | 19599 ||| FLEEEEING.
 19697 | Lair:4   | Found a staircase to the Slime Pits.
 19698 | Lair:4   | 19698 ||| FLEEEEING.
 19699 | Lair:4   | 19699 ||| FLEEEEING.
 19773 | Lair:4   | 19773 ||| FLEEEEING.
 19774 | Lair:4   | 19774 ||| FLEEEEING.
 19859 | Lair:4   | 19859 ||| INVOKING Berserk.
 19865 | Lair:4   | HP: 24/169 [oklob plant/splash of acid (21)]
 19865 | Lair:4   | HP: 9/169 [oklob plant/splash of acid (15)]
 19867 | Lair:4   | Killed from afar by an oklob plant

Levels and vault maps discovered:
D:1:      giann_bridges, layout_loops_cross,
          shapermc_ecumenical_altar_rom_forum, minmay_small_reverse_x
D:2:      minmay_diamond_boxcup, layout_basic, serial_glass, glass_columns_a,
          glass_columns_b, item_on_display_a, minmay_misc_feat_tower,
          uniq_terence, uniq_robin
D:3:      layout_loops_ring, serial_shops, nicolae_shop_hallway_stairs,
          kennysheep_generic_room_12
D:4:      layout_rooms, xom_butterflies, mainiacjoe_overflow_alcove_1,
          uniq_natasha, uniq_edmund, uniq_menkaure
D:5:      layout_basic, serial_park_tiny_pond
D:6:      layout_layer_cave, nicolae_ru_awakened_eye, vehumet_altar_wand_db,
          minmay_manual_mandibuliform
D:7:      minmay_chambers_of_fours, layout_cave_pods, minmay_temple_entry_tees,
          uniq_pikel, uniq_duvessa, uniq_maggie
D:8:      layout_cave_pools, mainiacjoe_overflow_paths,
          nicolae_shop_sticking_my_neck_out, uniq_prince_ribbit1
D:9:      layout_roguey, nicolae_gozag_zags_fifth_avenue, uniq_grum
D:10:     lemuel_castle_with_subvaults [lemuel_castle_interior_original],
          layout_stronghold, david_orc_3
D:11:     layout_roguey, lair_entry_dummy, st_stairs_14, bloody_makhleb,
          uniq_harold
Lair:1:   layout_roguey
Lair:2:   layout_gridlike
Lair:3:   layout_chaotic_city, elwin_shoals_entry_rooms,
          guppyfry_snake_entry_garden, hangedman_lair_unloving_vines,
          serial_bayou_shore_b, grunt_megastairs_5, serial_bayou_shore_b
Lair:4:   layout_gridlike, minmay_slime_entry_oklob_enclosed, minivault_24,
          lemuel_fruit_fields

Skill      XL: |  1  2  3  4  5  6  7  8  9 10 11 12 13 |
---------------+----------------------------------------+-----
Axes           | 4 5 6 7 8 10 12 13 16 17 | 17.1
Fighting       | 4 5 6 8 9 10 | 10.1
Shields        | 4 5 12 15 | 15.0
Armour         | 4 7 9 |  9.0
Dodging        | 3 4 |  4.2
Throwing       | 1 2 4 |  4.2

Action                   |  1- 3 |  4- 6 |  7- 9 | 10-12 | 13-15 || total
-------------------------+-------+-------+-------+-------+-------++-------
Melee: Hand axe          |    67 |   106 |    55 |       |       ||   228
       Headbutt          |     6 |    15 |    34 |   126 |     5 ||   186
       War axe           |       |       |    86 |       |       ||    86
       Broad axe         |       |       |    28 |   592 |    30 ||   650
       Morningstar       |       |       |       |     3 |       ||     3
Throw: Boomerang         |       |       |       |    84 |     3 ||    87
       Javelin           |       |       |       |       |     5 ||     5
Invok: Berserk           |     3 |     6 |    13 |    25 |     4 ||    51
       Trog's Hand       |       |       |       |     1 |       ||     1
       Brothers in Arms  |       |       |       |     1 |       ||     1
  Use: Scroll            |     5 |     3 |    11 |    13 |       ||    32
       Potion            |       |     1 |     4 |     3 |       ||     8
Armor: Animal skin       |     3 |       |       |       |       ||     3
       Ring mail         |    11 |    22 |       |       |       ||    33
       Scale mail        |       |     8 |    15 |       |       ||    23
       Swamp dragon scal |       |       |     2 |    24 |       ||    26
       Plate armour      |       |       |       |   144 |     2 ||   146
Dodge: Dodged            |    32 |    33 |    43 |    88 |     4 ||   200
Block: Buckler           |       |     4 |    42 |    60 |       ||   106
       Reflection        |       |       |     1 |    24 |     4 ||    29
       Tower shield      |       |       |       |   403 |    18 ||   421

Table legend:
 A = Non-vault XP
 B = Vault XP
 C = Vault XP percentage of total XP
 D = Non-vault monster count
 E = Vault monster count
 F = Vault count percentage of total count
                 A         B        C        D         E       F
            +---------+---------+-------+---------+---------+-------
      Total |   25412 |   16156 |  38.9 |     229 |     115 |  33.4
            +---------+---------+-------+---------+---------+-------
        D:1 |      18 |       6 |  25.0 |      12 |       4 |  25.0
        D:2 |     112 |      91 |  44.8 |      18 |      16 |  47.1
        D:3 |      29 |       1 |   3.3 |      15 |       1 |   6.2
        D:4 |     305 |     384 |  55.7 |      13 |       3 |  18.8
        D:5 |     597 |       0 |   0.0 |      14 |       0 |   0.0
        D:6 |     481 |     612 |  56.0 |       5 |       6 |  54.5
        D:7 |    1042 |    2150 |  67.4 |      21 |      10 |  32.3
        D:8 |    1995 |     264 |  11.7 |      17 |       1 |   5.6
        D:9 |    2474 |     538 |  17.9 |      24 |       4 |  14.3
       D:10 |    2041 |    9381 |  82.1 |      19 |      62 |  76.5
       D:11 |     653 |     913 |  58.3 |      13 |       2 |  13.3
     Lair:1 |    4331 |       0 |   0.0 |      19 |       0 |   0.0
     Lair:2 |    1800 |       0 |   0.0 |       5 |       0 |   0.0
     Lair:3 |    2623 |    1304 |  33.2 |       7 |       5 |  41.7
     Lair:4 |    6911 |     512 |   6.9 |      27 |       1 |   3.6
            +---------+---------+-------+---------+---------+-------
